Map: Magannatha LE

Players

LiquidMaNa (MaNa) - Winner!

  • Race: Protoss Protoss
  • League: Grandmaster
  • Spawn Location: 11:00

ArT

  • Race: Protoss Protoss
  • League: Master
  • Spawn Location: 5:00

Event: FEL Cracov 2025

VOD

Have the link to the VOD?

Description

Time

  • Played on: July 27, 2025, 10:21 a.m.
  • Length: 9:08

All games in this series

Show
View Real Time Build Order
Export as new Build Order

LiquidMaNa Protoss - Winner!

Build Orders: Oracle Opening, Phoenix Opening, Blink Stalkers 

Get SALT Encoding   

  12  0:00  Probe  
  13  0:12  Probe  
  14  0:18  Pylon  
  14  0:24  Probe  
  15  0:32  Probe  
  15  0:36  Gateway  
  15  0:40  Probe  
  16  0:46  Assimilator  
  17  0:50  Probe  
  18  0:59  Probe  
  18  1:04  Pylon  
  19  1:05  Assimilator  
  19  1:07  Probe  
  19  1:17  Probe  
  20  1:23  Cybernetics Core  
  21  1:29  Probe  
  21  1:32  Zealot  
  24  1:41  Probe  
  25  1:53  Probe  
  26  2:00  Sentry, Phoenix, Warp Gate  
  28  2:10  Probe  
  29  2:15  Nexus  
  29  2:17  Pylon  
  29  2:22  Probe  
  30  2:35  Sentry  
  32  2:39  Probe  
  32  2:44  Phoenix  
  32  2:45  Shield Battery  
  32  2:47  Stargate  
  32  2:51  Probe  
  33  3:03  Probe  
  34  3:07  Twilight Council  
  34  3:12  Stalker  
  34  3:15  Probe  
  34  3:17  Gateway  
  37  3:27  Probe x2  
  37  3:31  Oracle  
  39  3:39  Probe x2  
  44  3:49  Pylon  
  44  3:50  Blink  
  44  3:51  Probe x2  
  44  3:55  Stalker  
  48  3:59  Assimilator  
  48  4:03  Probe x2  
  50  4:15  Probe  
  51  4:18  Gateway  
  51  4:20  Probe  
  51  4:22  Gateway  
  52  4:27  Stalker, Probe  
  55  4:32  Probe  
  55  4:35  Stalker  
  58  4:40  Probe  
  58  4:42  Pylon  
  58  4:44  Probe  
  60  4:52  Probe  
  61  4:53  Forge  
  61  4:58  Probe  
  62  5:01  Stalker x2  
  66  5:07  Protoss Ground Weapons Level 1  
  66  5:11  Probe  
  66  5:12  Probe  
  68  5:16  Stalker  
  68  5:21  Pylon  
  69  5:41  Probe  
  69  5:42  Pylon  
  69  5:46  Pylon  
  68  5:51  Stalker x2  
  68  5:55  Stalker x2  
  68  5:57  Nexus  
  68  5:58  Probe  
  68  6:03  Probe  
  70  6:14  Gateway  
  70  6:17  Stalker x2  
  70  6:18  Stalker x2  
  77  6:22  Probe x2  
  77  6:25  Pylon  
  79  6:30  Nexus  
  79  6:32  Pylon  
  79  6:35  Probe  
  79  6:42  Stalker  
  79  6:43  Stalker x3  
  79  6:44  Probe  
  86  6:56  Nexus  
  86  6:57  Pylon  
  86  7:07  Stalker x4  
  94  7:11  Pylon  
  94  7:16  Probe x2  
  94  7:18  Stalker  
  98  7:28  Probe  
  99  7:31  Stalker x3  
  105  7:37  Probe  
  105  7:40  Probe  
  107  7:46  Stalker x2  
  107  7:49  Probe  
  102  7:52  Probe  
  91  8:08  Stalker x3  
  93  8:14  Stalker x2  
  93  8:15  Probe  
  89  8:23  Probe  
  86  8:40  Stalker x5  
  90  8:43  Probe  
  90  8:47  Probe x2  
  91  8:55  Probe  
  89  9:03  Stalker x4  
  89  9:04  Zealot  
Show
View Real Time Build Order
Export as new Build Order

ArT Protoss 

Build Orders: Phoenix Opening, Blink Stalkers 

Get SALT Encoding   

  12  0:00  Probe  
  13  0:12  Probe  
  14  0:17  Pylon  
  14  0:24  Probe  
  15  0:32  Probe  
  15  0:36  Gateway  
  15  0:40  Probe  
  16  0:45  Assimilator  
  17  0:51  Probe  
  17  0:54  Assimilator  
  18  0:59  Probe  
  19  1:07  Gateway, Probe  
  19  1:17  Probe  
  20  1:24  Cybernetics Core  
  21  1:29  Probe  
  22  1:35  Pylon  
  22  1:41  Probe  
  23  1:58  Stalker  
  25  2:04  Warp Gate  
  25  2:05  Sentry  
  27  2:13  Pylon  
  27  2:15  Probe  
  28  2:27  Probe  
  29  2:39  Phoenix, Sentry, Probe  
  29  2:43  Nexus  
  32  2:51  Twilight Council  
  32  2:54  Probe  
  32  2:56  Sentry  
  32  2:57  Blink  
  35  3:04  Probe  
  35  3:10  Pylon  
  36  3:12  Probe  
  37  3:21  Probe  
  38  3:32  Probe  
  39  3:44  Probe  
  40  3:52  Stalker  
  40  3:53  Stalker  
  40  3:55  Probe  
  45  3:56  Probe  
  45  3:57  Gateway  
  46  4:07  Probe  
  46  4:08  Probe  
  48  4:15  Pylon, Stalker  
  48  4:16  Stalker  
  52  4:19  Probe  
  52  4:24  Probe  
  54  4:30  Shield Battery  
  54  4:31  Probe  
  54  4:35  Shield Battery  
  54  4:37  Gateway  
  55  4:42  Stalker  
  55  4:43  Stalker  
  59  4:49  Probe  
  60  4:54  Stalker  
  62  5:05  Pylon  
  62  5:10  Stalker x2  
  65  5:24  Probe  
  65  5:26  Stalker, Nexus  
  68  5:34  Stalker x3  
  72  5:38  Assimilator  
  72  5:42  Pylon  
  72  5:44  Probe  
  73  5:56  Stalker  
  73  5:57  Probe  
  73  6:00  Probe  
  73  6:03  Stalker x3  
  78  6:08  Forge  
  78  6:12  Probe  
  78  6:17  Robotics Facility  
  77  6:19  Probe  
  77  6:21  Stalker  
  77  6:24  Pylon  
  80  6:26  Probe  
  80  6:32  Stalker  
  83  6:35  Protoss Ground Weapons Level 1  
  83  6:36  Probe  
  83  6:38  Probe  
  83  6:44  Stalker x3  
  87  6:51  Probe  
  87  6:52  Probe x2  
  90  6:58  Gateway  
  90  7:00  Observer  
  90  7:04  Probe x2  
  90  7:07  Gateway  
  90  7:08  Probe  
  94  7:18  Gateway  
  94  7:19  Gateway  
  94  7:21  Probe  
  94  7:22  Probe  
  96  7:26  Probe  
  96  7:28  Charge  
  96  7:29  Gateway  
  97  7:30  Gateway  
  97  7:34  Probe  
  97  7:37  Observer  
  97  7:39  Stalker x2  
  97  7:42  Stalker  
  97  7:48  Stalker, Shield Battery  
  87  7:51  Probe  
  81  7:58  Stalker  
  81  8:05  Shield Battery  
  78  8:06  Stalker  
  78  8:08  Stalker  
  78  8:10  Stalker  
  72  8:17  Stalker, Zealot  
  60  8:26  Stalker x2  
  60  8:30  Observer  
  52  8:36  Stalker  
  52  8:39  Stalker  
  52  8:40  Zealot  
  50  8:45  Zealot  
  50  8:49  Stalker  
  48  8:56  Stalker  
Tags
 
Add a new tag
Caveats
  • Supply blocks, unpowered buildings, or Contaminate may cause inaccurate times.
  • Supply counts are checked every 10 seconds.